[Event "*** Titled Tuesday Blitz"]
[Site "Chess.com"]
[Date "2020.04.28"]
[Round "1"]
[White "Gandrade2"]
[Black "IvanRadivojevic"]
[Result "1/2-1/2"]
[WhiteElo "1983"]
[BlackElo "2471"]
[TimeControl "180+1"]
[EndTime "10:09:13 PDT"]
[Termination "Game drawn by stalemate"]

1. b3 e5 2. Bb2 Nc6 3. e3 g6 4.
Nf3 Bg7 5. Be2 Nge7 6. d4 exd4 7.
Nxd4 Nxd4 8. Bxd4 Bxd4 9. Qxd4 O-O 10. O-O d6 11. c4 Nc6 12. Qd2 Be6 13. Nc3 Qd7 14.
Nd5 Bxd5 15. cxd5 Ne7 16. Rac1 Rac8 17. Rc2 f5 18. Rfc1 c5 19. dxc6 bxc6 20. Bf3 d5 21. Qa5 Rfd8 22. g3 h5 23. Qb4 Rc7 24. Qf4 Kh7 25. h3 Qd6 26. Qxd6 Rxd6 27. Kg2 Kg7 28. Rc5 Kf6 29. h4 Ke6 30. b4 Rb7 31. a3 Rb5 32.
R5c3 a5 33. bxa5 Rxa5 34. Be2 Kd7 35. Bf3 Ng8 36. Rb1 Kc7 37. Rcb3 Ra7 38. Rc1 Nf6 39.
Kf1 Nd7 40. Ke2 c5 41. Rbc3 c4 42. Rd1 Ra5 43. Ke1 Ne5 44. Be2 Rda6 45. f4 Nd7 46.
Bf3 Nb6 47. Kf2 Rxa3 48. Rxa3 Rxa3 49. Bxd5 c3 50. Bf7 c2 51. Rc1 Rc3 52. Bxg6 Rc5 53. Bxh5 Nd5 54. Bf7 Nb4 55. Bb3 Rc3 56. Bxc2 Rxc2+ 57.
Rxc2+ Nxc2 58. Kf3 Kd6 59. e4 Ke6 60. exf5+ Kxf5 61. g4+ Kf6 62. Ke4 Nb4 63. h5 Nc6 64. g5+ Kf7 65. Kf5 Ne7+ 66. Kg4 Ke6 67. g6 Kf6 68. Kh4 Nxg6+ 69. hxg6 Kxg6 70. Kg4 Kf6 71. Kf3 Kf7 72. Kg3 Kf6 73. Kg4 Kg6 74. f5+ Kf6 75. Kf4 Kf7 76.
Ke4 Kf6 77. Kf4 Kf7 78. Kg5 Kg7 79. f6+ Kf7 80. Kf5 Kf8 81. Ke6 Ke8 82. f7+ Kf8 83. Kf6 1/2-1/2

[Event "*** Titled Tuesday Blitz"]
[Site "Chess.com"]
[Date "2020.04.28"]
[Round "1"]
[White "Volovier"]
[Black "Jenia84"]
[Result "1-0"]
[WhiteElo "2620"]
[BlackElo "2302"]
[TimeControl "180+1"]
[EndTime "10:09:14 PDT"]
[Termination "Volovier won by resignation"]

1. d4 Nf6 2. c4 e6 3. Nc3 Bb4 4.
Qc2 O-O 5. e4 d5 6. e5 Ne4 7.
Bd3 f5 8. exf6 Qxf6 9. Nf3 Qg6 10. Nh4 Qg4 11. O-O Bxc3 12. Nf3 Rxf3 13. bxc3 Rxd3 14. Qxd3 Qg6 15. f3 Nd6 16. Qxg6 hxg6 17. cxd5 exd5 18.
Re1 Nc6 19. Bg5 Bf5 20. g4 Bd7 21. Rab1 Kf7 22. a4 b6 23. Kf2 Re8 24. Rxe8 Bxe8 25. Re1 Bd7 26. h4 Nc4 27. h5 gxh5 28. gxh5 Nb2 29.
Rh1 Nxa4 30. Bd2 Na5 31. h6 gxh6 32. Rxh6 Nc4 33. Rh7+ Ke6 34. Rh6+ Ke7 35. Bg5+ Ke8 36. Rh8+ Kf7 37. Rh7+ Kg6 38. Rxd7 Kxg5 39. Rxd5+ Kf4 40.
Rd7 Nxc3 41. Rf7+ Kg5 42. Rxc7 b5 43. Rxa7 Kf5 44. Rc7 Nd5 45. Rc5 Ke6 46. Rxb5 Nce3 47. Ra5 Kf5 48. Ke2 Ke6 49. f4 Nf5 50. Kf3 Nxd4+ 51.
Ke4 Nf5 52. Rxd5 Ng3+ 53. Kd4 Ne2+ 54. Kc4 Nxf4 55. Rb5 Ng6 56. Kd4 Kf6 57. Ke4 Ne7 58. Rb6+ Kf7 59. Ke5 Ng6+ 60. Kf5 Ne7+ 61. Kg5 Nd5 62. Rd6 Ne7 63. Ra6 Nd5 64. Kf5 Ne7+ 65. Ke5 Ng6+ 66. Kf5 Ne7+ 67. Kg5 Nd5 68. Rg6 Ne7 69.
Rf6+ Ke8 70. Rf3 Kd7 71. Kf6 Nd5+ 72. Ke5 Ne7 73. Rf7 Ke8 74. Rh7 Kd7 75. Kf6 1-0

[Event "*** Titled Tuesday Blitz"]
[Site "Chess.com"]
[Date "2020.04.28"]
[Round "1"]
[White "dimke2802"]
[Black "troisi"]
[Result "1/2-1/2"]
[WhiteElo "2499"]
[BlackElo "2125"]
[TimeControl "180+1"]
[EndTime "10:09:18 PDT"]
[Termination "Game drawn by stalemate"]

1. d4 Nf6 2. Nf3 e6 3. c4 d5 4.
Nc3 a6 5. cxd5 exd5 6. Bg5 Be6 7.
e3 Nbd7 8. Bd3 h6 9. Bh4 Bd6 10. O-O O-O 11. Qc2 b5 12. Rac1 Rc8 13. a4 b4 14. Ne2 a5 15. Ba6 Ra8 16. Bb5 Qc8 17. Nf4 Ne4 18. Nd3 Rb8 19. Nfe5 f6 20. Nxd7 Bxd7 21.
Bc6 Bxc6 22. Qxc6 Qb7 23. Bg3 Nxg3 24. hxg3 Qxc6 25. Rxc6 Kf7 26. Rfc1 Ke7 27. Nc5 Rb6 28. Rxb6 cxb6 29. Nd3 Kd7 30. g4 Re8 31. Kf1 Rb8 32.
f3 b5 33. axb5 Rxb5 34. e4 dxe4 35. fxe4 Rg5 36. Ra1 Rxg4 37. Rxa5 Rxe4 38. Ra7+ Ke6 39. Rxg7 Rxd4 40. Ke2 h5 41. Rh7 h4 42. Ne1 Re4+ 43. Kf1 Bg3 44. Nf3 Kf5 45. Rh5+ Kg4 46. Rh8 f5 47. Rg8+ Kf4 48. Rh8 Ke3 49. Rf8 Rf4 50.
Kg1 Kd3 51. Rd8+ Kc2 52. Rd2+ Kb3 53. Re2 Re4 54. Rd2 f4 55. Nd4+ Kc4 56. Ne2 Re3 57.
Kf1 Kb3 58. Kg1 Ka2 59. Kf1 b3 60. Nc1+ Kb1 61. Nd3 f3 62. gxf3 Rxf3+ 63. Kg2 Re3 64. Kf1 Rxd3 65. Rxd3 Kxb2 66. Kg2 Kc2 67. Rxb3 Kxb3 68.
Kh1 Kc3 69. Kg1 Kd2 70. Kh1 Ke2 71. Kg1 Be1 72. Kh1 Kf1 73. Kh2 Bf2 74. Kh1 Be3 75. Kh2 Bg1+ 76. Kh1 Bd4 77. Kh2 Bf6 78. Kh1 Be7 79.
Kh2 Bd8 80. Kh1 Kf2 81. Kh2 Kf3 82. Kh1 Kg3 83. Kg1 Kh3 84. Kh1 Bb6 1/2-1/2

[Event "*** Titled Tuesday Blitz"]
[Site "Chess.com"]
[Date "2020.04.28"]
[Round "1"]
[White "Anton_Demchenko"]
[Black "PotapovaM"]
[Result "1-0"]
[WhiteElo "2843"]
[BlackElo "2434"]
[TimeControl "180+1"]
[EndTime "10:09:19 PDT"]
[Termination "Anton_Demchenko won by resignation"]

1. d4 Nf6 2. Nf3 g6 3. Bf4 Bg7 4. Nbd2 O-O 5. c3 d6 6. e4 Nbd7 7. Be2 Nh5 8. Be3 e5 9. O-O Qe7 10. Re1 b6 11. a4 a5 12. Qc2 Bb7 13. Rab1 Kh8 14. dxe5 dxe5 15. Rbd1 Nc5 16. g3 Nf6 17.
Bg5 h6 18. Bxf6 Bxf6 19. Bb5 Bg7 20. h4 f5 21. exf5 gxf5 22. b4 Ne4 23. Nxe4 Bxe4 24. Rxe4 fxe4 25. Qxe4 Rad8 26. Bd3 Bf6 27. Re1 Qg7 28.
bxa5 bxa5 29. Kg2 Rd7 30. Re2 Rfd8 31. Bc2 Re7 32. Nh2 Red7 33. Ng4 Rf7 34. Re3 Rg8 35. Nh2 Rd8 36. Rf3 Re8 37. Ng4 Ref8 38. Rf5 Be7 39. Rh5 Rf6 40. f3 Qf7 41. Nxf6 Bxf6 42. Rf5 Qg7 43.
Kh3 Be7 44. Rxf8+ Bxf8 45. Qf5 Bd6 46. Be4 Be7 47. g4 Bd6 48. g5 hxg5 49. hxg5 Kg8 50. Kg4 Qf7 51. Qf6 Qxf6 52. gxf6 Kf7 53. Kf5 Kf8 54.
Bd5 Bc5 55. Kxe5 Bd6+ 56. Ke6 Bf4 57. c4 Bg3 58. Kd7 Bh2 59. Kc6 Bg3 60. Kb5 Be1 61. Kc5 Bf2+ 62. Kc6 Bg3 63. Kb5 Be1 64. Ka6 Bd2 65. f4 Bc3 66. Kb7 Bxf6 67. Kxc7 Bc3 68.
Kd6 Bb4+ 69. c5 Ke8 70. f5 Bc3 71. Kc6 Kd8 72. Kb7 Bb4 73. c6 Bd6 74. f6 Be5 75.
Be6 Bd6 76. f7 Ke7 77. Bc4 Kd8 78. c7+ Bxc7 79. f8=Q+ 1-0

[Event "*** Titled Tuesday Blitz"]
[Site "Chess.com"]
[Date "2020.04.28"]
[Round "1"]
[White "gilbert_gm"]
[Black "NemtsevIgor"]
[Result "1/2-1/2"]
[WhiteElo "2682"]
[BlackElo "2359"]
[TimeControl "180+1"]
[EndTime "10:09:19 PDT"]
[Termination "Game drawn by repetition"]

1. e4 c6 2. Nc3 d5 3. Nf3 h6 4. d4 Nf6 5. e5 Ne4 6. Bd3 Bf5 7. Ne2 e6 8. Ng3 Nxg3 9. hxg3 Bxd3 10.
Qxd3 c5 11. dxc5 Bxc5 12. Be3 Bxe3 13. Qxe3 Nc6 14. c3 Qa5 15. Kf1 Qb5+ 16. Qe2 Qxe2+ 17.
Kxe2 b5 18. Rh4 Ke7 19. a4 a6 20. Kd2 Na5 21. Kc2 Rhc8 22. axb5 axb5 23. Kb1 Nc4 24. b3 Rxa1+ 25. Kxa1 Na5 26. Kb2 Nc6 27. b4 Nb8 28.
Nd4 Nd7 29. f4 Nb6 30. Nxb5 Nc4+ 31. Kc2 Ra8 32. Kb1 Nd2+ 33. Kb2 Nc4+ 34. Kb3 Nd2+ 35.
Kb2 Nc4+ 36. Kb1 Nd2+ 37. Kc1 Ra2 38. Nd4 Nc4 39. Rg4 Rf2 40. Rxg7 Rxg2 41. f5 Kf8 42. Rh7 Rxg3 43. fxe6 Rxc3+ 44. Kb1 fxe6 45. Nxe6+ Kg8 46. Rg7+ Kh8 47. Rg2 Nxe5 48. Re2 Rb3+ 49. Ka2 Rxb4 50. Rxe5 Re4 51. Rxd5 Rxe6 52. Kb3 Kg7 53. Kc4 Kg6 54. Kd3 Rf6 55. Rd8 Kg5 56. Ke4 Rf7 57. Rg8+ Kh4 58. Rg1 h5 59. Rh1+ Kg4 60. Rg1+ Kh4 61. Rh1+ Kg5 62. Rg1+ Kh6 63. Ke5 h4 64. Ke6 Rf2 65. Ke5 Kh5 66. Ke4 h3 67. Ke3 Rf7 68. Rg8 Kh4 69.
Ke2 h2 70. Rh8+ Kg3 71. Rg8+ Kh3 72. Rh8+ Kg2 73. Rg8+ Kh1 74. Rg6 Ra7 75. Kf2 Ra2+ 76. Kf1 Ra1+ 77. Kf2 Rg1 78. Ra6 Rg2+ 79. Kf1 Rg5 80.
Rf6 Ra5 81. Rg6 Rf5+ 82. Ke2 Ra5 83. Kf2 Ra2+ 84. Kf1 Ra1+ 85. Kf2 Ra2+ 1/2-1/2

[Event "*** Titled Tuesday Blitz"]
[Site "Chess.com"]
[Date "2020.04.28"]
[Round "1"]
[White "GM_LOADING"]
[Black "Cocaino74"]
[Result "0-1"]
[WhiteElo "2604"]
[BlackElo "2326"]
[TimeControl "180+1"]
[EndTime "10:09:28 PDT"]
[Termination "Cocaino74 won by resignation"]

1. e4 c5 2. Nf3 Nc6 3. d4 cxd4 4. Nxd4 g6 5. c4 Nf6 6. Nc3 d6 7. Be2 Nxd4 8. Qxd4 Bg7 9. Be3 O-O 10. Qd2 Be6 11. Rc1 a5 12. f3 a4 13. O-O Qa5 14. Nb5 Qxd2 15. Bxd2 Rfc8 16. Rc2 Nd7 17. Rfc1 f5 18. Bc3 fxe4 19. Bxg7 Kxg7 20. fxe4 Ne5 21. Nd4 Bf7 22. c5 Bxa2 23. cxd6 Rxc2 24. Rxc2 exd6 25. Rc7+ Kh6 26. Rxb7 a3 27. bxa3 Rxa3 28. Nb5 Re3 29. Kf2 Rxe4 30. Nxd6 Rf4+ 31. Ke3 Rf8 32. Re7 Nc6 33.
Re4 Bd5 34. Rh4+ Kg7 35. g3 Rf6 36. Ne8+ Kf7 37. Nxf6 Kxf6 38. Rxh7 Ne7 39. Bd3 Be6 40. Rh4 Kg5 41. Rb4 Nd5+ 42. Kd4 Nxb4 43. Be2 Bf5 44. h4+ Kf6 45. g4 Bb1 46. Kc5 Na2 47. Kd4 Nc1 48. Bf3 Nb3+ 49. Kc3 Nc5 50. Kd4 Ne6+ 51. Ke3 Bc2 52. Bd5 Nc7 53. g5+ Kg7 54. Bf3 Bf5 55. Kf4 Ne6+ 56. Ke5 Bh3 57. Bd5 Nf8 58. Bc6 Bg4 59.
Kd6 Bh5 60. Ke7 Nh7 61. Be8 Bg4 62. Bf7 Nf8 63. Be8 Bh5 64. Bc6 Bg4 65. Bd5 Bf5 66. Bc6 Ne6 67. Bd7 Nd4 68. Bxf5 Nxf5+ 69. Ke6 Nxh4 70. Ke5 Nf5 71. Kf4 Kf7 72. Ke5 Ng7 73.
Kd5 Ke7 74. Ke5 Ne6 75. Ke4 Nxg5+ 76. Kf4 Nf7 0-1

[Event "*** Titled Tuesday Blitz"]
[Site "Chess.com"]
[Date "2020.04.28"]
[Round "1"]
[White "Sychev_Klementy"]
[Black "Andro2"]
[Result "1-0"]
[WhiteElo "2843"]
[BlackElo "2433"]
[TimeControl "180+1"]
[EndTime "10:09:29 PDT"]
[Termination "Sychev_Klementy won by resignation"]

1. e4 c6 2. d4 d5 3. e5 Bf5 4. Nf3 e6 5. Be2 Ne7 6. O-O Nd7 7. Nh4 c5 8. c3 h6 9. Nxf5 Nxf5 10. Bd3 g6 11. Nd2 cxd4 12. Bxf5 gxf5 13. cxd4 Qb6 14. Nf3 O-O-O 15. Be3 Kb8 16. Rb1 Rc8 17. Nd2 f4 18.
Bxf4 Qxd4 19. Be3 Qb4 20. Nf3 Rg8 21. a3 Qg4 22. g3 Bc5 23. Bxc5 Rxc5 24. Re1 h5 25.
Nd4 Qxd1 26. Rbxd1 h4 27. Kg2 hxg3 28. hxg3 Rc4 29.
Nf3 Rc2 30. Rd2 Rgc8 31. Ree2 Rxd2 32. Rxd2 Nc5 33. Rd4 Rc7 34. Ng5 Nb3 35. Rf4 d4 36. Nxf7 d3 37. Nd6 a6 38. Rf8+ Ka7 39. Nc8+ Kb8 40. Nd6+ Ka7 41. Nc8+ Kb8 42. Rd8 Rxc8 43. Rxd3 Nc5 44. Rd4 Rc6 45. g4 Rc7 46. g5 Rg7 47.
f4 Kc7 48. Rc4 Kb6 49. Kf3 Nd3 50. Rc3 Nc5 51. Kg4 Nd7 52. Kh5 Rf7 53. Rc4 Nf8 54. Rb4+ Kc7 55. Rd4 Rf5 56. Kh6 Rf7 57. g6 Nxg6 58.
Kxg6 Rf8 59. Kg5 Rf7 60. Rd6 Rg7+ 61. Kh4 Rf7 62. Kg4 Rg7+ 63. Kf3 Re7 64. Ke4 Kc8 65.
Ke3 Kc7 66. Kd4 Re8 67. Kc5 Re7 68. Rd4 Re8 69. Rc4 Rc8 70. Kd4+ Kd7 71. Rxc8 Kxc8 72.
Ke4 Kd7 73. f5 exf5+ 74. Kxf5 Ke7 75. e6 b6 76. b3 b5 77. Ke5 a5 78. Kd5 a4 79. b4 Ke8 80. Kc5 Ke7 81. Kxb5 Kxe6 82. Kxa4 Kd6 83. Kb5 Kc7 84. a4 Kb7 85. a5 1-0

[Event "*** Titled Tuesday Blitz"]
[Site "Chess.com"]
[Date "2020.04.28"]
[Round "1"]
[White "Training_Day"]
[Black "grzechu96"]
[Result "0-1"]
[WhiteElo "2300"]
[BlackElo "2618"]
[TimeControl "180+1"]
[EndTime "10:09:35 PDT"]
[Termination "grzechu96 won by resignation"]

1. e4 c5 2. c3 Nf6 3. e5 Nd5 4. Nf3 e6 5. d4 cxd4 6. cxd4 d6 7. Bc4 Nc6 8. O-O Be7 9. exd6 Qxd6 10. Nc3 O-O 11.
Re1 a6 12. Bb3 b5 13. Nxd5 exd5 14. Ne5 Be6 15. Bf4 Nxe5 16. Bxe5 Qd7 17. Re3 Rac8 18. h3 Bf5 19. a4 b4 20. a5 Rfd8 21. Qe2 Bf8 22. Qxa6 Ra8 23. Qe2 f6 24. Bg3 Ra7 25. Qf3 Bg6 26. a6 Bf7 27. Qe2 Qc6 28. Ra5 Rda8 29. Qf3 Rd8 30. Kh2 Rxa6 31. Rxa6 Qxa6 32. Qf5 Qa7 33. Qf4 Rc8 34. h4 h5 35. Qf3 Qb7 36. Re2 Rd8 37. Qf4 Qb6 38. Qc7 Qxc7 39. Bxc7 Rc8 40.
Bf4 g6 41. g3 Kg7 42. Rc2 Rxc2 43. Bxc2 Be6 44. Bb3 Kf7 45. Be3 Ke7 46. Kg2 Kd7 47. Kf1 Kc6 48. Ke2 Bf5 49. f3 Bd6 50. Bf4 Bxf4 51.
gxf4 Kd6 52. Ke3 Bb1 53. Ke2 Ke6 54. Ke3 Bf5 55. Ke2 Bb1 56. Ke3 Kd6 57. Ke2 Bf5 58.
Ke3 Bd7 59. Ke2 Bb5+ 60. Ke3 Be8 61. Bc2 Bf7 62. Bb3 Be8 63. Bc2 Ke6 64. Bb3 g5 65. fxg5 fxg5 66. hxg5 Kf5 67. f4 Bf7 68. Kf3 h4 69. Bc2+ Ke6 70. Kg4 b3 71. Bd3 Bg6 72. Kh3 Bxd3 73. Kxh4 Bg6 74. Kg4 Bf5+ 75. Kg3 Kf7 76.
Kf3 Kg6 77. Kg3 Be4 78. Kg4 Bd3 79. Kg3 Kf5 80. Kh4 Be2 81. Kg3 Bh5 82. Kh4 Bf7 83. Kg3 Bg6 84. Kh4 Kxf4 85. Kh3 Kxg5 86. Kg3 Bc2 87. Kf3 Kf5 88. Ke3 Kg4 89. Kd2 Kf4 90.
Kc3 Ke3 91. Kb4 Kxd4 0-1

[Event "*** Titled Tuesday Blitz"]
[Site "Chess.com"]
[Date "2020.04.28"]
[Round "1"]
[White "AustrianFalcon"]
[Black "MilanJeremic"]
[Result "1-0"]
[WhiteElo "2581"]
[BlackElo "2244"]
[TimeControl "180+1"]
[EndTime "10:09:38 PDT"]
[Termination "AustrianFalcon won by resignation"]

1. e4 c6 2. d4 d5 3. e5 a6 4. Bd3 g6 5. f4 h5 6. Nf3 Bg4 7. h3 Bxf3 8. Qxf3 e6 9. Be3 Qb6 10.
Nd2 c5 11. dxc5 Bxc5 12. Bxc5 Qxc5 13. Nb3 Qb4+ 14. c3 Qb6 15. Qf2 Qxf2+ 16. Kxf2 Nc6 17. Nd4 Nge7 18. g4 Nxd4 19. cxd4 Kd7 20. Ke3 Rac8 21. a3 Rc6 22. Kd2 Rb6 23. b4 Rc6 24. Be2 hxg4 25.
hxg4 Rhc8 26. Bd3 Rc4 27. Bxc4 Rxc4 28. Ke3 Nc6 29. Rhd1 Rc3+ 30. Rd3 Rc2 31. Rf1 Rg2 32. Kf3 Rh2 33. Kg3 Re2 34. f5 gxf5 35. gxf5 Re4 36.
fxe6+ Kxe6 37. Rf6+ Ke7 38. Rf4 Re1 39. Rdf3 Nd8 40.
Rf6 Rd1 41. R3f4 Rd3+ 42. Kg4 Rxa3 43. Rb6 Ra1 44. Rff6 Rg1+ 45. Kf3 Re1 46. Rfd6 Rd1 47. Rxd5 Rd3+ 48. Ke4 Rd1 49. Rxd8 Kxd8 50. Rxb7 Ke8 51.
d5 Rb1 52. Kd4 a5 53. b5 a4 54. Kc5 a3 55. Kd6 Kf8 56. Ra7 Rxb5 57. Ra8+ Kg7 58. Rxa3 Rb6+ 59. Kc5 Rb2 60. d6 Rc2+ 61. Kd5 Rc1 62. Rd3 Kf8 63. Rh3 Ke8 64. Rh7 Rd1+ 65. Ke4 Re1+ 66. Kf5 Rf1+ 67. Ke4 Re1+ 68. Kd4 Rd1+ 69.
Kc4 Rc1+ 70. Kd3 Rd1+ 71. Ke2 Rd5 72. Rh5 Kd7 73. Ke3 f6 74. Ke4 Rd1 75. Rh7+ Kc6 76. Rc7+ Kb6 77. Rc3 fxe5 78. Kxe5 Re1+ 79. Kd5 Rd1+ 80.
Ke6 Re1+ 81. Kd7 Kb7 82. Rc2 Re3 83. Kd8 Re4 84. d7 Kb8 85. Rb2+ Ka7 86. Rb3 Ka6 87. Kc7 Rc4+ 88. Kd6 Rd4+ 89. Kc6 Rc4+ 90. Kd5 Rc1 91. Rd3 Rc7 92. d8=Q Rd7+ 93. Qxd7 1-0

[Event "*** Titled Tuesday Blitz"]
[Site "Chess.com"]
[Date "2020.04.28"]
[Round "1"]
[White "farzadbfd"]
[Black "karwowskikacper"]
[Result "1-0"]
[WhiteElo "2679"]
[BlackElo "2344"]
[TimeControl "180+1"]
[EndTime "10:10:00 PDT"]
[Termination "farzadbfd won by resignation"]

1. e4 c5 2. Nc3 Nc6 3. g3 d6 4.
Bg2 g6 5. d3 Bg7 6. Be3 Rb8 7.
Qd2 b5 8. Nge2 b4 9. Nd1 e6 10. O-O Nge7 11. a3 a5 12. Bh6 O-O 13. Bxg7 Kxg7 14.
axb4 axb4 15. d4 cxd4 16. Nxd4 Qb6 17. Nxc6 Nxc6 18. Ne3 Rd8 19. Ng4 Kh8 20. Rfd1 Qc7 21.
Nf6 Qe7 22. Qg5 Kg7 23. Nh5+ Kh8 24. Nf6 Kg7 25. Nh5+ Kh8 26. Qxe7 Nxe7 27. Nf6 Bb7 28. Ra7 Kg7 29. e5 Bxg2 30. Rxe7 dxe5 31. Rxd8 Rxd8 32. Rd7 Rc8 33. Ng4 Bc6 34. Ra7 Bd5 35. Nxe5 Kf6 36.
f4 Kf5 37. Kf2 Ke4 38. c3 bxc3 39. Ra4+ Kf5 40. bxc3 Rxc3 41. Nxf7 Rc2+ 42. Ke3 Rxh2 43. Ne5 g5 44. Ra7 gxf4+ 45. gxf4 Rh3+ 46. Kd4 Kxf4 47. Rf7+ Kg5 48. Rg7+ Kf6 49. Rf7+ Kg5 50. Rg7+ Kh6 51. Rg8 Rh4+ 52. Kc5 Re4 53. Ng4+ Kh5 54. Nf6+ Kh4 55. Nxe4 Bxe4 56. Kd6 Bf5 57. Ke5 h5 58. Kf4 Kh3 59.
Rh8 h4 60. Kg5 Kg3 61. Rxh4 Kf3 62. Kf6 Ke3 63. Ke5 Kf3 64. Rf4+ Kg3 65. Rf1 Kg2 66.
Rc1 Kf3 67. Rc3+ Kg4 68. Ra3 Kg5 69. Rg3+ Kh4 70. Rg1 Kh3 71. Kf4 Kh2 72. Rg7 Kh3 73. Rg8 Kh2 74. Kf3 Bd3 75. Re8 Bc4 76. Re7 Bd5+ 77. Kf2 Kh3 78. Rg7 Kh4 79. Ke3 Kh5 80.
Kf4 Kh6 81. Rg1 Kh5 82. Ke5 Kh4 83. Kf4 Kh5 84. Rg5+ Kh6 85. Rg3 Kh5 86. Rg1 Kh6 87. Rg5 Kh7 88. Ke5 Kh6 89. Kf6 Bc4 90. Rg4 Be2 91.
Rh4+ Bh5 92. Rh2 e5 93. Kf5 e4 94. Kxe4 Kg5 95. Ke5 Bg4 96. Rg2 Kh4 97. Kf4 Bh3 98.
Rh2 Kh5 99. Rxh3+ Kg6 100. Rg3+ 1-0

[Event "*** Titled Tuesday Blitz"]
[Site "Chess.com"]
[Date "2020.04.28"]
[Round "1"]
[White "Michaelson_11"]
[Black "kingofthenil"]
[Result "1-0"]
[WhiteElo "1961"]
[BlackElo "2464"]
[TimeControl "180+1"]
[EndTime "10:10:06 PDT"]
[Termination "Michaelson_11 won by checkmate"]

1. e4 Nc6 2. Nf3 d5 3. exd5 Qxd5 4. Nc3 Qh5 5. d4 Bg4 6. Be2 O-O-O 7. Be3 e5 8. d5 Nf6 9. h3 e4 10. Nd2 Bxe2 11.
Qxe2 Qxe2+ 12. Kxe2 Nb4 13. Ndxe4 Nxe4 14. Nxe4 Nxd5 15.
Ng5 Nxe3 16. fxe3 Rd7 17. Rad1 Bd6 18. Ne4 Be5 19. Rxd7 Kxd7 20. Rd1+ Ke7 21. c3 b6 22. Rd5 f6 23. Nd2 Ke6 24. Rd3 c5 25. Nf3 Bc7 26. e4 Re8 27. Ke3 g5 28. Rd1 Bf4+ 29. Kf2 h5 30. g3 Bc7 31. Ne1 Re7 32. Ng2 Ke5 33. Kf3 Rg7 34. Ne3 Ke6 35. Nf5 g4+ 36. Kf2 Rd7 37.
Rxd7 Kxd7 38. hxg4 hxg4 39. Ne3 Ke6 40. Nxg4 b5 41.
Kf3 c4 42. Ne3 Be5 43. Nd5 a5 44. g4 Kd6 45. Ke3 Kc5 46. Ne7 b4 47. Nd5 bxc3 48. bxc3 Kb5 49. Kd2 Ka4 50. Kc2 Ka3 51. Kb1 Ka4 52. Kb2 Kb5 53. Ka3 Kc5 54. Ka4 Bd6 55.
Kxa5 Kc6 56. Nxf6 Be5 57. Nd5 Kc5 58. Ka4 Kc6 59. Kb4 Kd6 60. Kxc4 Ke6 61. a4 Kf7 62. a5 Kg6 63. Kb5 Kg5 64. a6 Bb8 65. Kb6 Kxg4 66. Kb7 Bg3 67. a7 Kf3 68. a8=Q Kxe4 69. Kc8 Kd3 70. Qc6 Be5 71. Ne7 Bxc3 72. Kd7 Kc2 73. Nd5 Kd2 74. Qxc3+ Ke2 75. Qd4 Kf3 76. Qe5 Kg4 77. Qf4+ Kh5 78. Ke6 Kg6 79. Qf5+ Kg7 80.
Qf6+ Kg8 81. Kf5 Kh7 82. Kg4 Kg8 83. Kh5 Kh7 84. Qf7+ Kh8 85. Qe7 Kg8 86. Nf6+ Kh8 87.
Qh7# 1-0

[Event "*** Titled Tuesday Blitz"]
[Site "Chess.com"]
[Date "2020.04.28"]
[Round "1"]
[White "frankshar"]
[Black "Nbk90"]
[Result "1-0"]
[WhiteElo "2268"]
[BlackElo "2565"]
[TimeControl "180+1"]
[EndTime "10:10:26 PDT"]
[Termination "frankshar won by checkmate"]

1. d4 Nf6 2. c4 e6 3. Nf3 Bb4+ 4.
Nbd2 O-O 5. e3 b6 6. Bd3 Bb7 7. O-O d5 8. a3 Bd6 9. b3 c5 10. Bb2 Nbd7 11. Qe2 Ne4 12. cxd5 exd5 13. dxc5 bxc5 14.
Rfd1 Qe7 15. Rac1 Rfe8 16. Ba6 Bxa6 17. Qxa6 Ndf6 18. Qe2 Rad8 19. Nxe4 dxe4 20. Nd2 Rb8 21. Nc4 Bc7 22. Bxf6 Qxf6 23. Qc2 Qe6 24. Rd2 g6 25. Rcd1 Re7 26. Rd5 Bb6 27. Rd6 Qf5 28. R1d5 Qc8 29. Nxb6 axb6 30. b4 cxb4 31. Rd8+ Qxd8 32.
Rxd8+ Rxd8 33. axb4 Re6 34. g3 h5 35. h4 Rd3 36.
Qc4 Rd2 37. b5 Rd1+ 38. Kg2 Rd2 39. Kg1 Rd8 40. Kg2 Rde8 41. Kg1 f5 42. Qc7 R8e7 43.
Qc4 Kf7 44. Kg2 Rd7 45. Kg1 Kf6 46. Qc3+ Kf7 47. Qc4 Ke7 48. Qb4+ Kd8 49. Qf8+ Kc7 50. Qb4 Red6 51. Qc4+ Kb7 52. Qg8 Rc7 53. Qb3 Rc5 54. Qf7+ Rc7 55. Qb3 Rd3 56. Qe6 Rd1+ 57. Kg2 Rd2 58.
Kg1 Rc1+ 59. Kg2 Rcc2 60. Qe7+ Kc8 61. Qe8+ Kc7 62. Qe7+ Rd7 63. Qe5+ Kb7 64. Qe6 Rdd2 65. Qe7+ Rc7 66. Qe6 Ka7 67. Qxg6 Rcc2 68. Qf7+ Kb8 69. Qe8+ Kc7 70. Qe7+ Kc8 71. Qe6+ Kd8 72. Qf6+ Kd7 73. Qxf5+ Kc7 74. Qe5+ Kc8 75. Qe6+ Kb8 76. Qe8+ Ka7 77. Qe7+ Kb8 78. Qe5+ Ka7 79. Qe7+ Ka8 80. Qxe4+ Ka7 81.
Qe7+ Kb8 82. Qf8+ Kb7 83. Qf7+ Kb8 84. Qf8+ Kb7 85. Qf7+ Kb8 86. e4 Re2 87. e5 Rc5 88. e6 Rce5 89. Qe8+ Ka7 90. Qd7+ Kb8 91. Qd8+ Kb7 92.
Qd7+ Kb8 93. Qd6+ Kb7 94. Qc6+ Ka7 95. Qc7+ Ka8 96. Qc8+ Ka7 97. Qa6+ Kb8 98. Qxb6+ Kc8 99. Qc6+ Kb8 100. b6 Rxe6 101. Qc7+ Ka8 102. Qa7# 1-0

[Event "*** Titled Tuesday Blitz"]
[Site "Chess.com"]
[Date "2020.04.28"]
[Round "2"]
[White "zane33"]
[Black "MichailovM"]
[Result "0-1"]
[WhiteElo "1979"]
[BlackElo "2363"]
[TimeControl "180+1"]
[EndTime "10:12:44 PDT"]
[Termination "MichailovM won by resignation"]

1. d4 Nf6 2. Nf3 g6 3. c4 Bg7 4. Nc3 O-O 5. e4 d6 6. h3 e5 7. Be2 exd4 8. Nxd4 Re8 9. f3 Nh5 10. O-O Ng3 11. Re1 Nxe2+ 12. Qxe2 Bxd4+ 0-1

[Event "*** Titled Tuesday Blitz"]
[Site "Chess.com"]
[Date "2020.04.28"]
[Round "2"]
[White "whogeeyao"]
[Black "Quiet_Desperation"]
[Result "1-0"]
[WhiteElo "2352"]
[BlackElo "1797"]
[TimeControl "180+1"]
[EndTime "10:12:53 PDT"]
[Termination "whogeeyao won by resignation"]

1. e4 e6 2. d4 d5 3. Nd2 Nf6 4. e5 Nfd7 5. Bd3 c5 6. c3 Nc6 7.
Ne2 cxd4 8. cxd4 f6 9. exf6 Nxf6 10. O-O Bd6 11. Nf3 Qc7 12. Bg5 O-O 13. Rc1 Bd7 14. Bh4 Nh5 15. Bg3 Nxg3 16. hxg3 Be8 17. Ng5 1-0

[Event "*** Titled Tuesday Blitz"]
[Site "Chess.com"]
[Date "2020.04.28"]
[Round "2"]
[White "gui_borba"]
[Black "AndrewMaco"]
[Result "0-1"]
[WhiteElo "2354"]
[BlackElo "2654"]
[TimeControl "180+1"]
[EndTime "10:12:55 PDT"]
[Termination "AndrewMaco won by resignation"]

1. d4 Nf6 2. Bf4 g6 3. Nc3 d6 4. e4 c6 5. Qd2 b5 6. f3 Nbd7 7. O-O-O Nb6 8. Bd3 b4 9. Nce2 a5 10. h4 h6 11. Kb1 Bg7 12. g4 Nfd7 13. Ng3 c5 14. dxc5 Nxc5 15. Bb5+ Bd7 16. Bxd7+ Qxd7 17. N1e2 Bxb2 18. Kxb2 Nc4+ 0-1

[Event "*** Titled Tuesday Blitz"]
[Site "Chess.com"]
[Date "2020.04.28"]
[Round "2"]
[White "Triumphmate"]
[Black "fastestmindalive"]
[Result "0-1"]
[WhiteElo "2537"]
[BlackElo "2823"]
[TimeControl "180+1"]
[EndTime "10:13:11 PDT"]
[Termination "fastestmindalive won by resignation"]

1. e4 c5 2. Nf3 e6 3. d4 cxd4 4. Nxd4 Bc5 5. Nc3 Qb6 6. Na4 Qa5+ 7. c3 Bxd4 8. Qxd4 Nf6 9. b3 Nc6 10. Qe3 O-O 11. Bd3 b5 12. Nc5 Qxc3+ 0-1

[Event "*** Titled Tuesday Blitz"]
[Site "Chess.com"]
[Date "2020.04.28"]
[Round "2"]
[White "warmoatmeal"]
[Black "FightingChess"]
[Result "0-1"]
[WhiteElo "1953"]
[BlackElo "2361"]
[TimeControl "180+1"]
[EndTime "10:13:22 PDT"]
[Termination "FightingChess won by resignation"]

1. d4 d5 2. Bf4 Nf6 3. e3 c6 4. Nf3 Bg4 5. Be2 e6 6. h3 Bh5 7. c4 Nbd7 8. Nc3 Be7 9. O-O O-O 10. Qb3 Qb6 11. c5 Qxb3 12. axb3 a6 13. b4 Ne4 14. Rfc1 g5 15. Bh2 f5 16. Kf1 Bxf3 17. gxf3 Nd2+ 18. Ke1 Nb3 19. Rd1 Nxa1 20. Rxa1 Kf7 0-1

[Event "*** Titled Tuesday Blitz"]
[Site "Chess.com"]
[Date "2020.04.28"]
[Round "2"]
[White "H3nriqueTV"]
[Black "Manukyan_Artak"]
[Result "1-0"]
[WhiteElo "2153"]
[BlackElo "2399"]
[TimeControl "180+1"]
[EndTime "10:13:30 PDT"]
[Termination "H3nriqueTV won by resignation"]

1. e4 c6 2. d4 d5 3. Nc3 dxe4 4. Nxe4 Nf6 5. Nxf6+ exf6 6. Bd3 Bd6 7. Nf3 O-O 8. O-O Bg4 9. h3 Bh5 10. c3 Nd7 11.
Be3 Re8 12. Be2 Qc7 13. Qc2 Bg6 14. Bd3 c5 15. Rac1 c4 16. Bxg6 hxg6 17. Rfd1 g5 18.
b4 a5 19. a4 axb4 20. cxb4 Rxa4 21. Qxa4 Bf4 22. Bxf4 Qxf4 23. Qxd7 1-0

[Event "*** Titled Tuesday Blitz"]
[Site "Chess.com"]
[Date "2020.04.28"]
[Round "2"]
[White "mfwagnerpeixoto"]
[Black "Spring199"]
[Result "1-0"]
[WhiteElo "2172"]
[BlackElo "2402"]
[TimeControl "180+1"]
[EndTime "10:13:32 PDT"]
[Termination "mfwagnerpeixoto won by resignation"]

1. d4 Nf6 2. Nf3 e6 3. g3 d5 4. Bg2 Be7 5. O-O O-O 6. c4 dxc4 7. Qc2 a6 8. Qxc4 b5 9. Qc2 Bb7 10. Bg5 Be4 11. Qc1 Nbd7 12. Nc3 Bb7 13. Bxf6 Nxf6 14.
Rd1 Rc8 15. Ne5 Bxg2 16. Kxg2 b4 17. Na4 Qd5+ 18. f3 c5 19. Nb6 Qb7 20. Nxc8 Rxc8 21.
dxc5 Bxc5 22. Qxc5 1-0

[Event "*** Titled Tuesday Blitz"]
[Site "Chess.com"]
[Date "2020.04.28"]
[Round "2"]
[White "m-garcett"]
[Black "zmeeed67"]
[Result "0-1"]
[WhiteElo "2079"]
[BlackElo "2390"]
[TimeControl "180+1"]
[EndTime "10:13:33 PDT"]
[Termination "zmeeed67 won by resignation"]

1. e4 c5 2. Nf3 e6 3. d4 cxd4 4. Nxd4 Nf6 5. Bd3 Nc6 6. Nxc6 bxc6 7. Qe2 d5 8. e5 Nd7 9. O-O a5 10. c4 Ba6 11. f4 Nc5 12. b3 Nxd3 13. Qxd3 dxc4 14.
Qf3 Qd5 15. Qg4 Qd4+ 0-1